 Dungeon Crawl Stone Soup version 0.25-a0-62-g88673ef095 (webtiles) character file.

Game seed: 1438604496415685209, levelgen mode: deterministic

9926 Nvm9 the Protected (level 11, -2/86 HPs)
             Began as a Demonspawn Fighter on Oct 31, 2019.
             Slain by a vampire (8 damage)
             ... on level 11 of the Dungeon.
             The game lasted 00:25:19 (11524 turns).

Nvm9 the Protected (Demonspawn Fighter)            Turns: 11524, Time: 00:25:20

Health: -2/86      AC: 17    Str: 20    XL:     11   Next: 29%
Magic:  11/11      EV:  5    Int: 15    God:
Gold:   704        SH: 12    Dex: 12    Spells: 10/10 levels left

rFire    . . .     SeeInvis .   u - +2 whip (drain)
rCold    . . .     Gourm    .   c - +1 shield
rNeg     . . .     Faith    .   z - +0 plate armour
rPois    .         Spirit   .   (no helmet)
rElec    .         Reflect  .   H - scarf {repulsion}
rCorr    .         Harm     .   t - +0 pair of gloves
MR       .....                  C - +0 pair of boots
Stlth    ..........             y - amulet of rage
HPRegen  0.24/turn              (no ring)
MPRegen  0.12/turn              (no ring)

@: brilliant, repel missiles
A: spiny 3
a: Evoke Berserk Rage


You were on level 11 of the Dungeon.
You were not hungry.

You visited 1 branch of the dungeon, and saw 11 of its levels.
You also visited: Sewer.

You collected 749 gold pieces.
You spent 45 gold pieces at shops.

Inventory:

Hand Weapons
 a - a +1 war axe
 b - a +4 falchion
 j - a +0 whip of venom
 u - a +2 whip of draining (weapon)
 w - a +0 long sword
 E - a +0 dagger
 K - a +1 scimitar of freezing
 L - a +0 flail
Missiles
 o - 8 throwing nets (quivered)
 s - 79 poisoned darts
 x - 8 silver boomerangs
Armour
 c - a +1 shield (worn)
 t - a +0 pair of gloves (worn)
 z - a +0 plate armour (worn)
 B - a +2 chain mail of fire resistance
 C - a +0 pair of boots (worn)
 H - a scarf of repulsion (worn)
 I - the +1 chain mail "Jybb" {rC+ rCorr Int-5 Dex+9}
   (You found it on level 8 of the Dungeon)

   It affects your intelligence (-5).
   It affects your dexterity (+9).
   It protects you from cold.
   It provides partial protection from all sources of acid and corrosion.
Jewellery
 y - an amulet of rage (around neck)
 D - a cursed amulet of the acrobat
 M - a +3 ring of strength {unknown}
Wands
 m - a wand of iceblast (3)
 v - a wand of acid (11)
Scrolls
 d - 3 scrolls of teleportation
 g - 2 scrolls of enchant armour
 h - a scroll of enchant weapon
 i - 3 scrolls of amnesia
 k - a scroll of summoning {unknown}
 l - 5 scrolls of remove curse
 n - 2 scrolls of fear
 p - 4 scrolls of identify
 q - 3 scrolls of magic mapping
 J - a scroll of random uselessness {unknown}
 N - a scroll of noise {unknown}
Potions
 e - 2 potions of degeneration
 A - 3 potions of agility
 F - a potion of cancellation
 G - a potion of flight {unknown}
Comestibles
 f - 22 rations


   Skills:
 + Level 7.9 Fighting
 + Level 7.5(8.5) Axes
 + Level 6.1(7.8) Maces & Flails
 * Level 9.7 Armour
 - Level 0.9 Dodging
 - Level 0.3 Stealth
 + Level 7.2 Shields


You had 10 spell levels left.
You didn't know any spells.
Your spell library contained the following spells:

 Spells                   Type           Power        Failure   Level  Hunger
 Shock                    Conj/Air       #...         71%         1    ##.....
 Swiftness                Chrm/Air       #.......     82%         2    ###....
 Static Discharge         Conj/Air       #.......     95%         3    ####...
 Airstrike                Air            #.........   100%        4    #####..
 Lightning Bolt           Conj/Air       #.........   100%        5    ######.


Dungeon Overview and Level Annotations

Branches:
Dungeon (11/15)            Temple (0/1) D:4            Lair (0/6) D:8
    Orc (0/2) D:10          Sewer (visited)

Altars:
Cheibriados
Dithmenos
Fedhas
Gozag
Hepliaklqana
Nemelex Xobeh
Okawaru
Uskayaw
The Shining One

Shops:
D:7 (?*!   D:10 }

Annotations:
D:2 exclusion: oklob plant
D:10 1 runed translucent door


Innate Abilities, Weirdness & Mutations

You are completely covered in sharp spines.


Message History

Okay, then.
Okay, then.
You hit the vampire.
The vampire is heavily damaged.
The vampire hits you but does no damage.
The vampire bites you but does no damage.
You bump into the stone wall.
You feel less confused. The vampire is struck by your spines.
The vampire hits you.
* * * LOW HITPOINT WARNING * * *
The vampire bites you but does no damage.
You hit the vampire but do no damage.
The vampire is severely damaged.
The vampire mumbles some strange words.
The vampire flickers and vanishes!
Deactivating autopickup; reactivate with Ctrl-A.
You barely miss something. Something hits you.
* * * LOW HITPOINT WARNING * * *
Something bites you!
You die...

.. ... . ..#
#####.#
#.#.#P...P#.. .#
#.#.#.###.#.# .#
#.H.'.#.'.#.# .#
#)# #.# #.# #†#
#.# #.#
#.#.#######.####.#
#.oW{@†.........#
#..####†#.#.###..#
#... #.#.##.# #..#
#.### #.......#
#..# #. #...####.#
#..# . ####
##...##..# .
......#..######
#............
#.....#######


You could see a hungry ghost and an orc wizard.

Vanquished Creatures
  Harold (D:7)
  An unseen horror (D:11)
  A manticore (D:11)
  A deep elf mage (D:11)
  Joseph (D:7)
  A troll (D:11)
  3 hippogriffs
  Prince Ribbit (D:7)
  A steam dragon (D:7)
  Menkaure (D:4)
  A water moccasin (D:11)
  Purgy (D:4)
  9 orc warriors
  3 sky beasts
  2 phantoms (D:6)
  An ice beast (D:11)
  4 ogres
  A necrophage (D:9)
  6 centaurs
  6 big kobolds
  8 bullfrogs
  A wyvern skeleton (D:6)
  2 scorpions
  17 killer bees
  5 wights (D:9)
  7 howler monkeys
  A bullfrog zombie (D:6)
  2 crimson imps
  A centaur zombie (D:10)
  2 centaur skeletons
  3 hounds
  9 orc priests
  12 orc wizards
  6 iguanas
  10 worker ants
  4 gnolls (D:5)
  A river rat (Sewer)
  13 adders
  3 shadow imps
  2 oozes (Sewer)
  4 worms (Sewer)
  4 dart slugs
  4 leopard geckos
  48 orcs
  6 ball pythons (Sewer)
  11 giant cockroaches
  3 goblins
  11 hobgoblins
  8 jackals
  6 quokkas
  2 bats (D:2)
  A frilled lizard (D:2)
  A jackal skeleton (D:6)
  39 kobolds
  2 leopard gecko skeletons
  A leopard gecko zombie (D:9)
  A quokka zombie (D:10)
  7 rats
314 creatures vanquished.

Vanquished Creatures (others)
  A plant (D:11)
1 creature vanquished.

Grand Total: 315 creatures vanquished

Notes
Turn   | Place    | Note
-------+----------+-------------------------------------------
     0 | D:1      | Nvm9 the Demonspawn Fighter began the quest for the Orb.
     0 | D:1      | Reached XP level 1. HP: 18/18 MP: 1/1
   101 | D:1      | Gained mutation: You are partially covered in sharp spines.
                  | [demonic ancestry]
   101 | D:1      | Reached XP level 2. HP: 22/24 MP: 2/2
   421 | D:1      | Reached skill level 3 in Armour
   639 | D:2      | Reached XP level 3. HP: 29/29 MP: 3/3
   948 | D:2      | Found a blossoming altar of Fedhas.
   965 | D:2      | Noticed an oklob plant
  1077 | D:2      | Found a shadowy altar of Dithmenos.
  1078 | D:2      | Found an opulent altar of Gozag.
  1419 | D:3      | Reached XP level 4. HP: 31/35 MP: 4/4
  1424 | D:3      | Reached XP level 5. HP: 23/41 MP: 5/5
  1470 | D:3      | Found a glowing drain.
  1572 | Sewer    | Entered a sewer
  1786 | Sewer    | Reached XP level 6. HP: 48/48 MP: 6/6
  2895 | D:4      | Reached skill level 4 in Armour
  2913 | D:4      | Noticed Menkaure
  2934 | D:4      | Killed Menkaure
  2934 | D:4      | Reached skill level 1 in Maces & Flails
  2934 | D:4      | Gained mutation: You are mostly covered in sharp spines.
                  | [demonic ancestry]
  2934 | D:4      | Reached XP level 7. HP: 16/54 MP: 7/7
  3325 | D:4      | Found a staircase to the Ecumenical Temple.
  3368 | D:4      | Noticed Purgy
  3388 | D:4      | Killed Purgy
  3781 | D:5      | Entered Level 5 of the Dungeon
  4028 | D:5      | Found a sparkling altar of Nemelex Xobeh.
  4165 | D:5      | Reached skill level 5 in Armour
  4213 | D:5      | Reached XP level 8. HP: 50/61 MP: 8/8
  4548 | D:6      | Reached skill level 5 in Fighting
  4571 | D:6      | Reached skill level 5 in Axes
  4754 | D:6      | Found an iron altar of Okawaru.
  5066 | D:6      | Reached skill level 6 in Armour
  5505 | D:6      | Reached skill level 5 in Shields
  5544 | D:6      | Found a glowing golden altar of the Shining One.
  5692 | D:7      | Found Lyad's Antique Weapon Boutique.
  5693 | D:7      | Noticed Harold
  5721 | D:7      | Killed Harold
  5721 | D:7      | Reached XP level 9. HP: 34/69 MP: 9/9
  5980 | D:7      | Reached skill level 7 in Armour
  5982 | D:7      | Found Rapluc's Magic Scroll Shop.
  6187 | D:7      | Found Veatorpha's Distillery.
  6320 | D:7      | Noticed Joseph
  6336 | D:7      | Killed Joseph
  6366 | D:7      | Noticed Prince Ribbit
  6372 | D:7      | Killed Prince Ribbit
  6551 | D:7      | Found Robory's General Store.
  6555 | D:7      | Bought a +0 pair of boots for 45 gold pieces
  6680 | D:8      | Found a staircase to the Lair.
  6774 | D:8      | Found a hide-covered altar of Uskayaw.
  6850 | D:8      | Got a bloodstained chain mail
  6851 | D:8      | Identified the +1 chain mail "Jybb" {rC+ rCorr Int-5 Dex+9}
                  | (You found it on level 8 of the Dungeon)
  7000 | D:8      | Reached XP level 10. HP: 77/77 MP: 10/10
  7100 | D:8      | Reached skill level 8 in Armour
  7331 | D:8      | Found a hazy altar of Hepliaklqana.
  7445 | D:9      | Found a snail-covered altar of Cheibriados.
  7804 | D:9      | Reached skill level 5 in Maces & Flails
  8786 | D:10     | Entered Level 10 of the Dungeon
  8940 | D:10     | Found a shadowy altar of Dithmenos.
  9053 | D:10     | Found Duhiluwa's Gadget Shoppe.
  9485 | D:11     | Reached skill level 9 in Armour
  9779 | D:11     | Noticed a deep elf mage
  9788 | D:11     | Killed a deep elf mage
 10205 | D:10     | Gained mutation: You are completely covered in sharp
                  | spines. [demonic ancestry]
 10205 | D:10     | Reached XP level 11. HP: 73/84 MP: 11/11
 10230 | D:10     | Found a runed translucent door.
 10249 | D:10     | Found a runed translucent door.
 11168 | D:10     | Found a staircase to the Orcish Mines.
 11353 | D:11     | Killed an unseen horror
 11524 | D:11     | Slain by a vampire

Levels and vault maps discovered:
D:1:      mrwooster_arrival_statue_2, layout_basic, minmay_pentomino_r2
D:2:      layout_rooms, minitemple, tgw_fedhas
D:3:      layout_rooms, portal_sewer_entry_d
D:4:      layout_gridville, minmay_temple_entry_arrows, first_ration,
          uniq_purgy, uniq_menkaure
D:5:      layout_loops_cross, nemelex_diamond_rough_becter
D:6:      layout_loops_corners, tso_oasis_becter, okawaru_trees_2
D:7:      layout_rooms, serial_shops, shop, shop, shop_statue, shop,
          grunt_ogre_cave, uniq_prince_ribbit1, uniq_joseph, uniq_harold
D:8:      layout_loops_cross, lemuel_coloured_pillars_altar,
          eat_drink_and_be_merry_uskayaw, lair_entry_dummy,
          minmay_misc_feat_enclosed
D:9:      layout_roguey, marbit_many_paths
D:10:     lemuel_insect_pit, layout_loops_ring, david_orc_4, serial_shops,
          shop_fountains, nicolae_two_hexagons, grunt_dithmenos_shadows
D:11:     layout_loops_ring, minmay_shattered_shrine

Skill      XL: |  1  2  3  4  5  6  7  8  9 10 11 |
---------------+----------------------------------+-----
Axes           | 2 3 4 5 6 7 |  7.5
Shields        | 3 4 5 6 7 |  7.2
Armour         | 3 4 5 6 7 9 |  9.7
Fighting       | 4 5 6 7 |  7.9
Maces & Flails | 1 2 3 4 5 6 |  6.1
Dodging        | |  0.9
Stealth        | |  0.3

Action                   |  1- 3 |  4- 6 |  7- 9 | 10-12 || total
-------------------------+-------+-------+-------+-------++-------
Melee: War axe           |   106 |   100 |       |       ||   206
       Whip              |       |    41 |   313 |   567 ||   921
 Abil: Evoke Berserk Rag |       |       |     1 |       ||     1
  Use: Scroll            |     5 |     5 |     1 |     1 ||    12
       Potion            |       |     7 |     5 |    10 ||    22
 Stab: Invisible         |       |       |     4 |     3 ||     7
  Eat: Chunk             |     1 |     6 |    14 |     9 ||    30
       Ration            |       |       |       |     2 ||     2
Armor: Scale mail        |    52 |    31 |       |       ||    83
       Chain mail        |       |     3 |       |       ||     3
       Plate armour      |       |     2 |   126 |   240 ||   368
       Skin              |       |       |       |     2 ||     2
Dodge: Dodged            |    31 |    29 |    49 |    62 ||   171
       Deflected         |       |       |       |     3 ||     3
Block: Shield            |    52 |    88 |   160 |   319 ||   619

Table legend:
 A = Non-vault XP
 B = Vault XP
 C = Vault XP percentage of total XP
 D = Non-vault monster count
 E = Vault monster count
 F = Vault count percentage of total count
                 A         B        C        D         E       F
            +---------+---------+-------+---------+---------+-------
      Total |    8948 |    5232 |  36.9 |     245 |      68 |  21.7
            +---------+---------+-------+---------+---------+-------
        D:1 |      38 |       2 |   5.0 |      19 |       1 |   5.0
        D:2 |      51 |       0 |   0.0 |      17 |       0 |   0.0
        D:3 |     216 |      14 |   6.1 |      22 |       1 |   4.3
        D:4 |     119 |     295 |  71.3 |       7 |       2 |  22.2
        D:5 |     600 |       0 |   0.0 |      19 |       0 |   0.0
        D:6 |     883 |       0 |   0.0 |      22 |       0 |   0.0
        D:7 |     671 |    1785 |  72.7 |      14 |       4 |  22.2
        D:8 |    1323 |       0 |   0.0 |      28 |       0 |   0.0
        D:9 |    1705 |      66 |   3.7 |      35 |       1 |   2.8
       D:10 |    2324 |     633 |  21.4 |      43 |      23 |  34.8
       D:11 |    1018 |    2123 |  67.6 |      19 |       8 |  29.6
      Sewer |       0 |     314 | 100.0 |       0 |      28 | 100.0
            +---------+---------+-------+---------+---------+-------
